Map: Ulrena

Players

Zerberus - Winner!

  • Race: Zerg Zerg
  • League: Gold

capac

  • Race: Terran Terran
  • League: Gold

VOD

Have the link to the VOD?

Description

Time

  • Played on: May 15, 2016, 4:22 a.m.
  • Length: 31:49
Show
View Real Time Build Order
Export as new Build Order

Zerberus Zerg - Winner!

Build Orders: Pool First 

Get SALT Encoding   

  12  0:01  Drone  
  13  0:08  Drone  
  14  0:17  Overlord  
  14  0:35  Drone x3  
  17  0:45  Spawning Pool  
  17  0:49  Drone  
  17  0:53  Extractor  
  16  1:16  Hatchery  
  15  1:18  Drone  
  15  1:21  Drone  
  17  1:28  Drone  
  18  1:36  Queen  
  20  1:41  Zergling x2  
  20  1:46  Drone  
  22  1:52  Overlord  
  22  2:11  Roach Warren  
  21  2:33  Queen  
  23  2:48  Drone  
  23  2:49  Drone x2  
  26  2:53  Roach  
  26  2:54  Roach x4  
  36  3:02  Overlord  
  35  3:28  Ravager x2  
  35  3:31  Drone x6  
  43  3:39  Ravager, Evolution Chamber  
  43  3:44  Overlord, Drone  
  43  3:45  Overlord  
  37  4:31  Drone  
  37  4:32  Drone x9  
  41  4:41  Zerg Ground Armor Level 1  
  41  4:46  Extractor  
  40  4:53  Queen  
  42  5:05  Extractor  
  42  5:06  Roach  
  42  5:07  Roach x2  
  47  5:10  Extractor  
  47  5:12  Roach  
  48  5:27  Hatchery  
  47  5:42  Lair  
  47  5:45  Roach  
  47  5:46  Roach x5  
  47  5:48  Drone  
  47  5:49  Overlord x2  
  60  5:50  Overlord x2  
  60  6:10  Zergling x2  
  60  6:11  Zergling x2  
  62  6:23  Drone  
  62  6:24  Drone x7  
  70  6:40  Glial Reconstitution  
  70  6:41  Hydralisk Den  
  69  6:55  Roach  
  69  6:56  Roach x10  
  91  7:03  Zerg Missile Weapons Level 1  
  91  7:16  Hydralisk x3  
  91  7:20  Overlord x4  
  97  7:32  Muscular Augments  
  97  7:41  Infestation Pit, Hydralisk x4  
  104  7:49  Hydralisk x2  
  108  8:03  Hydralisk  
  108  8:04  Hydralisk x3  
  116  8:17  Hive  
  116  8:27  Hydralisk x2  
  120  8:52  Roach  
  120  8:53  Roach x4  
  130  8:56  Overlord x3  
  130  9:09  Roach  
  126  9:10  Roach x2  
  72  9:47  Roach  
  72  9:48  Roach x18  
  104  9:58  Extractor  
  103  10:04  Hydralisk  
  103  10:05  Hydralisk x3  
  111  10:08  Hydralisk  
  113  10:21  Ultralisk Cavern  
  112  10:22  Hydralisk x2  
  116  10:31  Zerg Missile Weapons Level 2  
  116  10:41  Hydralisk x2  
  120  10:45  Drone x4  
  124  11:07  Hydralisk x2  
  124  11:08  Hydralisk x3  
  134  11:12  Overseer  
  134  11:14  Overseer  
  134  11:31  Roach  
  134  11:32  Roach x7  
  121  12:18  Ultralisk x2  
  121  12:21  Roach x3  
  121  12:22  Roach x3  
  145  12:48  Hatchery, Spire  
  139  13:11  Roach x3  
  145  13:17  Ravager  
  145  13:19  Overlord x5  
  146  13:20  Overlord  
  122  13:40  Roach x12  
  119  14:06  Mutalisk x4  
  119  14:07  Mutalisk  
  127  14:43  Roach  
  127  14:44  Roach x12  
  93  15:19  Hydralisk  
  93  15:20  Hydralisk x8  
  101  15:28  Queen  
  101  15:35  Extractor  
  102  15:36  Zerg Missile Weapons Level 3  
  102  16:01  Corruptor x2  
  106  16:29  Greater Spire  
  106  16:47  Corruptor x4  
  106  16:51  Hydralisk x2  
  118  16:56  Roach x3  
  111  17:41  Queen  
  113  17:48  Brood Lord x4  
  121  17:52  Roach  
  121  17:53  Roach  
  125  18:00  Extractor  
  124  18:24  Roach  
  124  18:25  Roach x6  
  138  18:45  Hatchery  
  138  18:47  Roach x7  
  153  19:03  Roach x5  
  161  19:45  Roach  
  163  19:46  Roach x13  
  189  19:57  Queen  
  191  20:01  Drone x9  
  150  20:55  Roach x12  
  150  20:56  Roach x6  
  146  21:19  Hydralisk x6  
  142  21:55  Hydralisk x5  
  142  21:56  Hydralisk  
  142  21:57  Roach  
  154  22:21  Extractor  
  153  22:36  Roach x13  
  179  23:08  Hydralisk x5  
  187  23:29  Extractor  
  187  23:30  Extractor  
  181  23:37  Roach  
  181  23:38  Roach x8  
  199  24:03  Zerg Ground Armor Level 2  
  181  24:48  Mutalisk  
  181  24:49  Mutalisk x6  
  187  25:07  Roach  
  187  25:08  Roach x5  
  199  25:22  Hatchery  
  184  26:06  Corruptor  
  184  26:07  Corruptor x7  
  200  26:28  Zerg Ground Armor Level 3  
  200  27:09  Extractor  
  200  27:13  Extractor  
  168  27:26  Corruptor  
  168  27:27  Corruptor x8  
  184  27:42  Brood Lord  
  186  27:45  Brood Lord  
  157  28:18  Roach x5  
  157  28:19  Roach x9  
  176  28:35  Roach x5  
  162  30:17  Hatchery  
Show
View Real Time Build Order
Export as new Build Order

capac Terran 

Build Orders: Reaper Expand 

Get SALT Encoding   

  12  0:01  SCV  
  13  0:13  SCV  
  14  0:18  Supply Depot  
  14  0:25  SCV  
  15  0:39  SCV  
  15  0:41  Barracks  
  16  0:45  Refinery  
  16  0:52  SCV  
  17  1:04  SCV  
  18  1:16  SCV  
  19  1:30  Orbital Command  
  19  1:33  Reaper  
  20  1:47  Command Center  
  20  1:57  SCV  
  20  1:58  Supply Depot  
  21  2:08  Marine  
  21  2:13  SCV  
  23  2:24  Factory  
  23  2:26  SCV  
  23  2:28  Refinery  
  24  2:40  Barracks Reactor  
  24  2:43  Barracks, SCV  
  25  2:55  SCV  
  26  3:01  Bunker, Orbital Command  
  26  3:07  SCV  
  27  3:20  Marine x2  
  27  3:21  Factory Tech Lab  
  27  3:25  Orbital Command  
  28  3:38  Marine  
  29  3:44  Bunker  
  29  3:47  Siege Tank  
  32  3:49  Marine  
  32  3:52  SCV  
  32  3:55  Starport, Marine, SCV  
  34  4:00  Marine  
  37  4:07  Marine  
  37  4:08  SCV  
  35  4:28  Marine x3  
  37  4:33  Orbital Command  
  36  4:54  Supply Depot  
  36  4:59  Medivac  
  38  5:05  Bunker  
  38  5:12  Barracks Tech Lab  
  38  5:16  Marine x2, SCV  
  38  5:17  Siege Tank  
  44  5:25  SCV  
  46  5:28  SCV  
  46  5:38  Supply Depot  
  46  5:42  Marine x3  
  49  5:46  SCV x2  
  49  5:48  Engineering Bay  
  51  5:55  Siege Tank  
  54  5:59  Starport Reactor  
  54  6:02  Marine x3  
  54  6:03  Supply Depot  
  57  6:04  SCV  
  57  6:05  SCV  
  59  6:16  Terran Infantry Weapons Level 1  
  59  6:25  Refinery  
  59  6:26  Refinery  
  59  6:30  Barracks  
  59  6:34  Barracks, Marine x3  
  59  6:37  Stimpack  
  61  6:45  SCV x2  
  63  6:52  Marine x3  
  66  6:57  Medivac  
  68  7:07  Medivac  
  70  7:19  Marine  
  70  7:20  Supply Depot  
  70  7:21  Supply Depot, Barracks Reactor  
  71  7:22  Barracks Reactor  
  71  7:33  Siege Tank  
  71  7:34  Command Center  
  74  7:38  SCV x2  
  74  7:42  Marine x3  
  79  7:47  Medivac  
  79  7:48  Medivac  
  83  7:57  Supply Depot  
  83  8:01  Supply Depot  
  83  8:02  Marine x4  
  87  8:08  Liberator x2  
  87  8:23  Supply Depot  
  93  8:37  Marine x7  
  100  8:45  Terran Infantry Armor Level 1  
  100  8:49  Armory  
  100  8:51  Liberator x2  
  100  8:54  Marine  
  100  8:55  Marine x3  
  74  9:16  Bunker  
  54  9:34  Liberator  
  54  9:38  Marine x3  
  50  9:39  Marine x3  
  50  9:40  Siege Tank  
  53  9:51  Orbital Command  
  56  9:54  SCV  
  56  9:55  SCV  
  58  10:01  Marine x2  
  60  10:14  SCV x2  
  60  10:18  Marine x2  
  60  10:19  Marine  
  65  10:24  Marine x2  
  65  10:27  SCV x2  
  69  10:39  Marine  
  69  10:40  Marine x4  
  74  10:45  Liberator x2  
  74  10:55  SCV x3  
  77  11:01  Siege Tank  
  86  11:04  Terran Infantry Weapons Level 2  
  86  11:07  SCV  
  87  11:15  SCV x2  
  89  11:28  Marine  
  89  11:29  Marine x6  
  89  11:30  Combat Shields  
  96  11:40  SCV x2  
  96  11:41  SCV  
  96  11:46  Marine  
  96  11:47  Marine x2  
  81  12:17  Marine x7  
  88  12:24  Command Center  
  88  12:29  SCV  
  89  12:35  Marine  
  90  12:38  Medivac x2  
  94  12:50  Marine x6  
  100  12:52  Marine  
  99  13:07  Marine  
  86  13:41  Marine x7  
  83  13:59  Marine x2  
  85  14:05  Marine  
  85  14:06  Marine x4  
  85  14:08  Liberator  
  85  14:09  Liberator  
  90  14:16  Marine  
  91  14:28  Siege Tank  
  90  15:00  Siege Tank  
  84  15:20  Marine  
  84  15:21  Marine x6  
  90  15:32  Orbital Command  
  90  15:35  SCV  
  90  15:36  SCV  
  90  15:38  Marine  
  90  15:39  Marine x6  
  99  15:48  SCV  
  100  15:53  Barracks  
  100  15:56  Marine x4  
  104  16:09  Terran Infantry Weapons Level 3  
  104  16:10  Engineering Bay  
  104  16:13  Siege Tank  
  107  16:19  Marine x2  
  107  16:20  Marine x2  
  107  16:21  Marauder, Marine  
  114  16:30  SCV  
  114  16:31  SCV x2  
  117  16:45  Barracks Tech Lab  
  117  16:46  Concussive Shells  
  117  16:51  Barracks, Siege Tank  
  120  17:05  Marauder  
  122  17:10  Marauder  
  124  17:19  Liberator x2  
  120  17:33  Marine  
  120  17:34  Marauder x2  
  115  17:39  Starport  
  115  17:41  Barracks Tech Lab  
  115  17:42  Barracks  
  115  17:51  Refinery, SCV x3  
  117  17:53  Refinery  
  118  18:02  Marauder x2  
  118  18:04  Marauder  
  124  18:07  Liberator  
  124  18:08  Liberator  
  124  18:26  Starport Tech Lab  
  130  18:29  Starport Reactor  
  130  18:33  Starport  
  130  18:42  Supply Depot, Barracks Tech Lab  
  130  19:04  Terran Infantry Armor Level 2  
  130  19:07  Medivac  
  130  19:08  Medivac  
  134  19:11  Starport Reactor  
  134  19:12  Medivac x2  
  138  19:20  Liberator  
  138  19:35  Liberator x2  
  138  19:37  Liberator  
  141  19:49  Supply Depot  
  141  19:52  Medivac  
  149  19:53  Supply Depot  
  149  19:54  Medivac  
  149  19:58  Command Center  
  154  20:26  Marine x6  
  160  20:29  Marauder x4  
  165  20:43  Marine  
  165  20:44  Marine x5  
  146  20:50  Marauder  
  146  20:51  Marauder  
  123  20:59  Liberator  
  123  21:00  Liberator x3  
  129  21:30  Liberator  
  128  21:43  Orbital Command  
  126  22:09  Marine x2  
  126  22:10  Marine  
  129  22:16  Liberator x2  
  129  22:36  Marine x3  
  129  22:37  Marine x3  
  141  22:56  Liberator x2  
  141  23:08  Marine  
  141  23:09  Marine x5  
  153  24:07  Command Center  
  153  24:09  Marine x5  
  154  24:16  Marine  
  153  24:59  Marine x5  
  158  25:19  Marauder, Marine x2  
  162  25:30  Marine x2  
  162  25:31  Marine  
  159  25:54  Marine x5  
  115  29:48  Command Center  
  112  30:10  Missile Turret x2  
  112  30:12  Missile Turret  
  112  30:13  Missile Turret  
Tags
 
Add a new tag
Caveats
  • Supply blocks, unpowered buildings, or Contaminate may cause inaccurate times.
  • Supply counts are checked every 10 seconds.